 Dungeon Crawl Stone Soup version bcrawl-1.28 (webtiles) character file.

Game seed: 4335734022100852504

169840 LostNumber the Shield-Bearer (level 5, -2/36 HPs)
             Began as a Fairy Fighter on Nov 26, 2020.
             Slain by a sky beast (5 damage)
             ... on level 3 of the Dungeon.
             The game lasted 00:02:58 (1553 turns).

LostNumber the Shield-Bearer (Fairy Fighter)        Turns: 1553, Time: 00:02:58

Health: -2/36      AC:  4    Str: 14    XL:     5   Next: 1%
Magic:  7/7        EV: 12    Int: 12    God:
Gold:   89         SH: 14    Dex: 12    Spells: 4/4 levels left

rFire    . . .     SeeInvis .   a - +0 rapier
rCold    . . .     Gourm    .   b - +0 medium shield
rNeg     . . .     Faith    .   (armour unavailable)
rPois    .         Spirit   .   (no helmet)
rElec    .         Reflect  .   (no cloak)
rCorr    .         Harm     .   (no gloves)
MR       .....                  (no boots)
Stlth    ..........             (no amulet)
HPRegen  0.12/turn              g - ring of flight
MPRegen  0.10/turn              (no ring)

@: flying evasively
A: small, magic attunement, unstealthy, unfitting armour, able to fly, AC/SH +4
a: Stop Flying


You were on level 3 of the Dungeon.
You were hungry.

You visited 1 branch of the dungeon, and saw 3 of its levels.

You collected 89 gold pieces.

Inventory:

Hand Weapons
 a - a +0 rapier (weapon)
 k - a +0 long sword
   (You found it on level 2 of the Dungeon)
Armour
 b - a +0 medium shield (worn)
 d - a +1 helmet
   (You found it on level 1 of the Dungeon)
Jewellery
 g - a ring of flight (left hand)
   (You found it on level 3 of the Dungeon)
Scrolls
 h - 2 scrolls of identify {@r1}
 i - a scroll of noise {unknown}
 l - a scroll of magic mapping {unknown}
 n - a scroll of fear {unknown}
Potions
 c - a potion of might
 f - a potion of invisibility {unknown}
 j - a potion of degeneration {unknown}
 m - a potion of curing {unknown}
Comestibles
 e - 4 rations {!d!d}


   Skills:
 + Level 3.2 Fighting
 - Level 2.8 Short Blades
 * Level 0.0(1.3) Long Blades
 + Level 4.8 Dodging
 * Level 5.0 Shields


You had 4 spell levels left.
You didn't know any spells.
Your spell library was empty.

Dungeon Overview and Level Annotations

Branches:
Dungeon (3/12)

Altars:
Elyvilon


Innate Abilities, Weirdness & Mutations

Your spells do not cause hunger and MP costs are reduced by 1.
Your bright wings attract enemies. (Stealth-)
You cannot fit into any form of body armour.
Your shimmering scales are hard and can block incoming attacks. (AC +4, SH +4)
You are small and have problems with some larger weapons.
You can fly continuously.


Message History

You puncture the sky beast!
The sky beast flickers out of sight!
Deactivating autopickup; reactivate with Ctrl-A.
Something hits you. Something shocks you.
A sky beast appears from thin air!
Reactivating autopickup.
You hit the sky beast. You block the sky beast's attack.
You hit the sky beast. You block the sky beast's attack. x2
You closely miss the sky beast.
The sky beast flickers out of sight!
Deactivating autopickup; reactivate with Ctrl-A.
Something hits you but does no damage.
A sky beast appears from thin air!
Reactivating autopickup.
You closely miss the sky beast.
The sky beast flickers out of sight!
Deactivating autopickup; reactivate with Ctrl-A.
Something hits you. Something shocks you. Something completely misses you.
A sky beast appears from thin air!
Reactivating autopickup.
You closely miss the sky beast. You block the sky beast's attack.
You hit the sky beast.
The sky beast flickers out of sight!
Deactivating autopickup; reactivate with Ctrl-A.
Something hits you.
* * * LOW HITPOINT WARNING * * *
Something shocks you.
* * * LOW HITPOINT WARNING * * *
Something hits you.
* * * LOW HITPOINT WARNING * * *
Something shocks you.
* * * LOW HITPOINT WARNING * * *
A sky beast appears from thin air!
Reactivating autopickup.
The sky beast flickers out of sight!
Deactivating autopickup; reactivate with Ctrl-A.
There is a stone staircase leading up here.
A sky beast appears from thin air!
Reactivating autopickup.
The sky beast flickers out of sight!
Deactivating autopickup; reactivate with Ctrl-A.
A frilled lizard comes into view.
Found a scroll labeled HOIVVI OTONTOA.
A sky beast appears from thin air!
Reactivating autopickup.
You see here a scroll labeled HOIVVI OTONTOA.
You barely miss the sky beast.
The sky beast flickers out of sight!
Deactivating autopickup; reactivate with Ctrl-A.
Something hits you.
* * * LOW HITPOINT WARNING * * *
Something shocks you.
You die...

#.....###.## ..
#.###.##..)#####
.#
..≈..)..........
.# .......<...##
##.#
......###.##
#..# #######
#..#####.#
#....§.l.#
#.##.###{#
#..#.# #@#
##.#.# #.# .#l.
... .#.######
..# ###


You could see a frilled lizard.

Vanquished Creatures
  Jessica (D:2)
  3 gnolls (D:2)
  An adder (D:2)
  2 oozes (D:1)
  2 leopard geckos (D:1)
  5 giant cockroaches
  4 goblins
  8 hobgoblins
  A jackal (D:2)
  2 quokkas
  2 bats (D:1)
  A frilled lizard (D:2)
  3 kobolds
  7 rats
42 creatures vanquished.

Notes
Turn   | Place    | Note
-------+----------+-------------------------------------------
     0 | D:1      | LostNumber the Fairy Fighter began the quest for the Orb.
     0 | D:1      | Reached XP level 1. HP: 15/15 MP: 3/3
   143 | D:1      | Reached XP level 2. HP: 20/20 MP: 4/4
   369 | D:1      | Reached skill level 4 in Shields
   485 | D:1      | Reached XP level 3. HP: 25/25 MP: 5/5
   693 | D:2      | Noticed Jessica
   720 | D:2      | Killed Jessica
   720 | D:2      | Reached XP level 4. HP: 18/31 MP: 6/6
   795 | D:2      | Found a white marble altar of Elyvilon.
  1111 | D:2      | Reached skill level 5 in Shields
  1184 | D:2      | Reached XP level 5. HP: 36/36 MP: 7/7
  1479 | D:3      | Noticed a sky beast
  1529 | D:3      | HP: 1/36 [something (5)]
  1553 | D:3      | Slain by a sky beast

Skill      XL: |  1  2  3  4 |
---------------+-------------+-----
Shields        | 4 5 |  5.0
Fighting       | 3 |  3.2
Short Blades   | |  2.8
Dodging        | |  4.8

Action                   |  1- 3 |  4- 6 || total
-------------------------+-------+-------++-------
Melee: Rapier            |   116 |    62 ||   178
  Eat: Chunk             |     3 |     4 ||     7
Armor: Skin              |    19 |     3 ||    22
Dodge: Dodged            |    60 |    13 ||    73
Block: Medium shield     |    96 |    46 ||   142
